 Dungeon Crawl Stone Soup version 0.28.0-45-g0d030f2227 (webtiles) character file.

Game seed: 12741035354563749240

1462 101zpm the Thaumaturge (level 9, -7/57 HPs)
             Began as a Djinni Ice Elementalist on Apr 12, 2022.
             Shot with an arrow by a centaur (12 damage)
             ... on level 5 of the Dungeon.
             The game lasted 00:19:24 (6797 turns).

101zpm the Thaumaturge (Djinni Ice Elementalist)    Turns: 6797, Time: 00:19:25

Health: -7/57      AC:  3    Str:  7    XL:     9   Next: 5%
Gold:   192        EV: 13    Int: 22    God:
                   SH:  0    Dex: 13

rFire   + + .      SeeInvis .   o - +2 flail (protect)
rCold   x . .      Faith    .   (no shield)
rNeg    + . .      Spirit   .   m - +0 robe {rN+}
rPois   ∞          Reflect  .   q - +0 hat
rElec   .          Harm     .   g - +0 cloak
rCorr   .          Rampage  .   (no gloves)
Will    .....                   (boots unavailable)
Stlth   ++........              (no amulet)
HPRegen 0.19/turn               (no ring)
MPRegen 0.00/turn               (no ring)

@: flying
A: sickness immunity, fire resistance 2, cold vulnerability 1, float, innate
caster, HP casting, extra vitality 1
a: no special abilities


You were on level 5 of the Dungeon.
You visited 1 branch of the dungeon, and saw 5 of its levels.

You collected 192 gold pieces.

Inventory:

Hand Weapons
 n - a +1 whip of venom
 o - a +2 flail of protection (weapon)
Missiles
 i - a throwing net
Armour
 a - a +0 robe
 g - a +0 cloak (worn)
 m - a +0 robe of positive energy (worn)
 q - a +0 hat (worn)
 r - a +2 tower shield
Magical Staves
 h - a staff of cold
Jewellery
 y - a ring of protection from fire
Wands
 x - a wand of iceblast (8)
Scrolls
 b - 2 scrolls of teleportation
 e - 2 scrolls of summoning
 j - 2 scrolls of immolation
 l - a scroll of silence
 t - a scroll of fog {unknown}
 u - a scroll of noise {unknown}
 v - 2 scrolls of identify
Potions
 c - a potion of curing {unknown}
 d - a potion of lignification {unknown}
 f - a potion of cancellation {unknown}
 k - a potion of resistance {unknown}
 p - a potion of attraction {unknown}
 s - 2 potions of might {unknown}
 w - a potion of mutation {unknown}
 z - a potion of degeneration {unknown}
 A - a potion of heal wounds {unknown}


   Skills:
 + Level 1.5 Fighting
 + Level 3.4 Dodging
 + Level 3.1 Stealth
 + Level 0.3 Unarmed Combat
 + Level 8.1 Spellcasting


You had 3 spell levels left.
You knew the following spells:

 Your Spells              Type           Power      Damage    Failure   Level
a - Freeze                Ice            100%       1d11      1%          1
b - Frozen Ramparts       Ice            88%        1d10      1%          3
c - Ozocubu's Armour      Ice            44%        N/A       1%          3
d - Hailstorm             Conj/Ice       44%        3d10      2%          4
e - Animate Skeleton      Necr           88%        N/A       1%          1
f - Ensorcelled Hibernat  Hex/Ice        88%        N/A       1%          2
g - Mephitic Cloud        Conj/Pois/Air  44%        N/A       1%          3
h - Airstrike             Air            22%        N/A       2%          4
Your spell library was empty.

Dungeon Overview and Level Annotations

Branches:
Dungeon (5/15)
 Temple: D:4-7

Altars:
Kikubaaqudgha
Uskayaw

Annotations:
D:4 2 runed translucent doors


Innate Abilities, Weirdness & Mutations

You are immune to sickness and miasma.
You are immune to poison.
Your flesh is very heat resistant. (rF++)
You are vulnerable to cold. (rC-)
You float through the air rather than walking.
You learn spells naturally, not from books.
Your magical power is your life essence.
You have superior vitality. (+4 MHP)


Message History

Aim: a jelly You freeze the jelly!
The jelly is severely wounded.
The wall freezes the jelly!
You kill the jelly!
The frozen ramparts melt away.
Found a runed mace.
Found a leather armour.
You now have 192 gold pieces (gained 17).
There is an open door here.
Found a stone staircase leading down.
There is an open door here.
There is an open door here.
You see here a +0 leather armour.
Found a plate armour.
There is an open door here.
You see here a +0 ring mail.
A centaur comes into view.
Found a stone staircase leading down.
The centaur shouts!
The centaur wields a +0 shortbow.
The centaur shoots an arrow.
The arrow hits you.
Casting: Freeze (safe; 1% risk of failure)
Confirm with . or Enter, or press ? or * to list all spells.
Casting: Frozen Ramparts (safe; 1% risk of failure)
Press: ? - help, Dir - look around, f - activate You miscast Frozen Ramparts.
You are very lightly contaminated with residual magic.
Nothing appears to happen.
The centaur shoots an arrow.
The arrow hits you!
The centaur shoots an arrow.
The arrow hits you!
The centaur shoots an arrow.
The arrow closely misses you.
The centaur shoots an arrow.
The arrow hits you!
* * * LOW HITPOINT WARNING * * *
The centaur shoots an arrow.
The arrow hits you.
* * * LOW HITPOINT WARNING * * *
The centaur shoots an arrow.
The arrow hits you!
* * * LOW HITPOINT WARNING * * *
Your magical contamination has completely faded away.
The centaur shoots an arrow.
The arrow hits you!
You die...

###########..########.##.##.####
#.....# #..#### #.##.##.# #
#.....# #...c.# #..#.##.####
#.....# ###.###.# ##.#......[.
#.....# #.#. #.# #.####..###
#.....# #.## #.# ###..# #.....
#.....# #.# #.# #.##.# #..###
#.....###.## #.# #.##.# #..#
#.....#....# #@# #.##.###..#
##....#.#..# #.####.##..##..#
#....'....####......###.##..#
#....###............###.##..#
#....# #....###.###.........#
###### ###..# #.# #.........#
#.(###.###.........#
#.......#######'#..# #.#####.#
#.#..#


You could see a centaur.

Vanquished Creatures
  Pikel (D:5)
  A black bear (D:4)
  4 ogres (D:5)
  A necrophage (D:5)
  A scorpion (D:4)
  2 howler monkeys
  A hound (D:5)
  A jelly (D:5)
  Jessica (D:2)
  2 iguanas
  An orc wizard (D:5)
  Ijyb (D:5)
  4 gnolls (D:4)
  6 adders
  A howler monkey skeleton (D:5)
  An ufetubus (D:5)
  14 orcs
  3 bats
  4 endoplasms
  3 giant cockroaches
  3 goblins
  8 hobgoblins
  4 jackals (D:3)
  A quokka (D:3)
  5 ball pythons
  5 frilled lizards
  5 kobolds
  3 rats (D:1)
87 creatures vanquished.

Vanquished Creatures (collateral kills)
  A hound skeleton (D:4)
1 creature vanquished.

Grand Total: 88 creatures vanquished

Notes
Turn   | Place    | Note
-------+----------+-------------------------------------------
     0 | D:1      | 101zpm the Djinni Ice Elementalist began the quest for the
                  | Orb.
     0 | D:1      | Reached XP level 1. HP: 15/15 MP: 0/0
   529 | D:1      | Reached XP level 2. HP: 18/21 MP: 0/0
  1509 | D:2      | Reached XP level 3. HP: 17/25 MP: 0/0
  1509 | D:2      | Learned a level 1 spell: Animate Skeleton
  1742 | D:2      | Noticed Jessica
  1748 | D:2      | Killed Jessica
  1749 | D:2      | Reached XP level 4. HP: 28/31 MP: 0/0
  2166 | D:3      | Reached skill level 4 in Spellcasting
  2167 | D:4      | Noticed a scorpion
  2524 | D:3      | Found a faded altar of an unknown god.
  2828 | D:3      | Found a hide-covered altar of Uskayaw.
  3060 | D:3      | Reached XP level 5. HP: 34/35 MP: 0/0
  3060 | D:3      | Learned a level 2 spell: Ensorcelled Hibernation
  3664 | D:4      | Reached XP level 6. HP: 32/40 MP: 0/0
  3806 | D:4      | Noticed a black bear
  3816 | D:4      | Killed a black bear
  3817 | D:4      | Reached skill level 5 in Spellcasting
  4108 | D:4      | Reached XP level 7. HP: 35/45 MP: 0/0
  4108 | D:4      | Learned a level 3 spell: Mephitic Cloud
  4290 | D:4      | Found a large runed translucent door.
  4293 | D:4      | Found a large runed translucent door.
  4752 | D:5      | Entered Level 5 of the Dungeon
  4878 | D:5      | Noticed Ijyb
  5220 | D:5      | Killed Ijyb
  5221 | D:5      | Reached skill level 1 in Fighting
  5221 | D:5      | Reached skill level 6 in Spellcasting
  5403 | D:5      | Reached XP level 8. HP: 37/52 MP: 0/0
  6178 | D:5      | Noticed Pikel
  6190 | D:5      | Killed Pikel
  6191 | D:5      | Reached skill level 7 in Spellcasting
  6211 | D:5      | Reached skill level 8 in Spellcasting
  6211 | D:5      | Reached XP level 9. HP: 1/57 MP: 0/0
  6211 | D:5      | Learned a level 4 spell: Airstrike
  6797 | D:5      | Shot with an arrow by a centaur

Illustrated notes

Levels and vault maps discovered:
D:1:      lemuel_arrival_room, layout_loops_corners
D:2:      layout_rooms, basic_altar, small_statue_intersection, uniq_jessica
D:3:      layout_loops_corners, lemuel_crystal_altar,
          hellmonk_ecumenical_altar_leap_of_faith
D:4:      layout_basic, jmf_multi_god_temple2
D:5:      layout_basic, uniq_ijyb, uniq_pikel

Skill      XL: |  1  2  3  4  5  6  7  8 |
---------------+-------------------------+-----
Stealth        | 2 3 |  3.1
Spellcasting   | 4 5 6 8 |  8.1
Fighting       | 1 |  1.5
Dodging        | 3 |  3.4
Unarmed Combat | |  0.3

Action                   |  1- 3 |  4- 6 |  7- 9 || total
-------------------------+-------+-------+-------++-------
Melee: Unarmed           |    27 |       |       ||    27
       Flail             |       |       |     1 ||     1
 Cast: Freeze            |    34 |    44 |    45 ||   123
       Frozen Ramparts   |       |    17 |    12 ||    29
       Animate Skeleton  |       |     1 |     2 ||     3
       Mephitic Cloud    |       |       |    15 ||    15
       Ensorcelled Hiber |       |       |    11 ||    11
  Use: Scroll            |       |     4 |       ||     4
 Stab: Sleeping          |     4 |       |       ||     4
Armor: Robe              |    10 |     2 |     4 ||    16
Dodge: Dodged            |    31 |    21 |    22 ||    74
